 Dungeon Crawl Stone Soup version 0.23.0 (webtiles) character file.

Game seed: 8816760971678691897

8 Monsterracer the Vandal (level 2, 0/19 HPs)
             Began as a Halfling Hunter on Feb 9, 2019.
             Succumbed to a gnoll's poison
             ... on level 1 of the Dungeon.
             The game lasted 00:00:47 (442 turns).

Monsterracer the Vandal (Halfling Hunter)            Turns: 442, Time: 00:00:48

Health: 0/19       AC:  3    Str: 13    XL:     2   Next: 15%
Magic:  2/2        EV: 14    Int:  9    God:
Gold:   22         SH:  0    Dex: 14    Spells: 1/1 levels left

rFire    . . .     SeeInvis .   a - +1 hunting sling
rCold    . . .     Gourm    .   (shield restricted)
rNeg     . . .     Faith    .   f - +0 leather armour
rPois    .         Spirit   .   (no helmet)
rElec    .         Reflect  .   (no cloak)
rCorr    .         Harm     .   (no gloves)
MR       .....                  (no boots)
Stlth    ++........             (no amulet)
HPRegen  0.06/turn              (no ring)
MPRegen  0.08/turn              (no ring)

@: lethally poisoned (0 -> -17)
A: small, mutation resistance 1
a: no special abilities


You were on level 1 of the Dungeon.
You were not hungry.

You visited 1 branch of the dungeon, and saw 1 of its levels.

You collected 22 gold pieces.

Inventory:

Hand Weapons
 a - a +1 hunting sling (weapon)
 b - a +0 dagger of speed
Missiles
 d - 11 sling bullets (quivered)
Armour
 f - a +0 leather armour (worn)
Scrolls
 g - a scroll of remove curse {unknown}
 i - a scroll of random uselessness {unknown}
Potions
 h - a potion of resistance {unknown}
Comestibles
 c - 2 rations


   Skills:
 + Level 2.0 Fighting
 + Level 6.0 Slings
 + Level 2.4 Dodging
 + Level 1.5 Stealth


You had one spell level left.
You didn't know any spells.
Your spell library was empty.

Dungeon Overview and Level Annotations

Branches:
Dungeon (1/15)

Altars:


Innate Abilities, Weirdness & Mutations

You are small and have problems with some larger weapons.
You are somewhat resistant to further mutation.


Message History

i - a scroll labeled YCEUSA OBBUSYR You now have 22 gold pieces (gained 12).
A dart slug comes into view.
A dart slug is nearby!
A dart slug is nearby!
The dart slug launches a dart at you. The slug dart misses you.
A gnoll comes into view. It is wielding a +2 spear of venom.
The gnoll shouts!
A rat comes into view.
The dart slug barely misses you.
You hit the dart slug but do no damage.
The gnoll hits you from afar with a +2 spear of venom!
Ouch! That really hurt!
* * * LOW HITPOINT WARNING * * *
You are lethally poisoned!
You take 7 damage, and have 7/14 hp.
MASSIVE DAMAGE!!
* * * LOW HITPOINT WARNING * * *
You feel sick.
You take 1 damage, and have 6/14 hp.
It was a potion of curing.
You feel better. The dart slug launches a dart at you. The slug dart hits you.
* * * LOW HITPOINT WARNING * * *
Unknown command.
The dart slug launches a dart at you. The slug dart misses you.
a - a +1 hunting sling (weapon)
Firing (i - inventory)
d - 20 sling bullets (quivered)
Press: ? - help, Shift-Dir - straight line, f - dart slug
Aim: a dart slug (clinging)
You shoot a sling bullet.
The sling bullet hits the dart slug but does no damage.
Firing (i - inventory)
d - 19 sling bullets (quivered)
Press: ? - help, Shift-Dir - straight line, f/p - dart slug
Aim: a dart slug (clinging)
You shoot a sling bullet. The sling bullet hits the dart slug.
The dart slug is heavily wounded.
The dart slug launches a dart at you. The slug dart misses you.
Firing (i - inventory)
d - 18 sling bullets (quivered)
Press: ? - help, Shift-Dir - straight line, f/p - dart slug
Aim: a dart slug (heavily wounded, clinging)
You shoot a sling bullet. The sling bullet hits the dart slug.
The dart slug is almost dead.
Firing (i - inventory)
d - 17 sling bullets (quivered)
Press: ? - help, Shift-Dir - straight line, f/p - dart slug
Aim: a dart slug (almost dead, clinging)
You shoot a sling bullet. The sling bullet hits the dart slug.
You kill the dart slug!
Your Slings skill increases to level 6!
You have reached level 2!
You regained 2 hp, and now have 9/19 hp.
MP restored: 2 Firing (i - inventory)
d - 16 sling bullets (quivered)
Press: ? - help, Shift-Dir - straight line, f - rat
Aim: a rat You shoot a sling bullet.
The sling bullet hits the rat.
The rat is heavily wounded.
Firing (i - inventory)
d - 15 sling bullets (quivered)
Press: ? - help, Shift-Dir - straight line, f/p - rat
Aim: a rat (heavily wounded)
You shoot a sling bullet. The sling bullet barely misses the rat.
The sling bullet completely misses the gnoll.
Firing (i - inventory)
d - 14 sling bullets (quivered)
Press: ? - help, Shift-Dir - straight line, f/p - rat
Aim: a rat (heavily wounded)
You shoot a sling bullet.
The sling bullet hits the rat but does no damage.
The rat is heavily wounded.
The gnoll hits you from afar with a +2 spear of venom.
* * * LOW HITPOINT WARNING * * *
You are lethally poisoned!
The rat closely misses you.
You take 3 damage, and have 7/19 hp.
Firing (i - inventory)
d - 13 sling bullets (quivered)
Press: ? - help, Shift-Dir - straight line, f/p - rat
Aim: a rat (heavily wounded)
You shoot a sling bullet. The sling bullet barely misses the rat.
The sling bullet hits the gnoll.
The gnoll is lightly wounded.
* * * LOW HITPOINT WARNING * * *
You feel sick.
You take 1 damage, and have 6/19 hp.
Firing (i - inventory)
d - 12 sling bullets (quivered)
Press: ? - help, Shift-Dir - straight line, f/p - rat
Aim: a rat (heavily wounded)
You shoot a sling bullet. The sling bullet hits the rat!
You kill the rat!
Your Fighting skill increases to level 2!
* * * LOW HITPOINT WARNING * * *
You feel sick.
The gnoll hits you from afar with a +2 spear of venom.
* * * LOW HITPOINT WARNING * * *
You are more poisoned.
You take 5 damage, and have 1/19 hp.
MASSIVE DAMAGE!!
Unknown command.
Unknown command.
Unknown command.
You die...

.♣♣♣## #...##.# ♣♣ ###...##.#
############....†...#
#..................#
##.#..######.......#### ##
#..)≈## ###...###.. ..####
.#.≈≈# #..)# #.# #......
##≈≈################.####.......
##≈.............@g(..((.........
##.............#####.#####.#####
≈..≈≈≈########.......# #
≈#.≈.#################
≈≈.≈..........# #≈≈.....#####.#
##≈..##.# #.# #..###.# #.## ####
#.# #..#


You could see a gnoll.

Vanquished Creatures
  A dart slug (D:1)
  A hobgoblin (D:1)
  A kobold (D:1)
  2 frilled lizards (D:1)
  2 rats (D:1)
7 creatures vanquished.

Notes
Turn   | Place    | Note
-------+----------+-------------------------------------------
     0 | D:1      | Monsterracer the Halfling Hunter began the quest for the
                  | Orb.
     0 | D:1      | Reached XP level 1. HP: 14/14 MP: 1/1
   421 | D:1      | HP: 7/14 [gnoll/+2 spear of venom (7)]
   432 | D:1      | Reached skill level 6 in Slings
   432 | D:1      | Reached XP level 2. HP: 9/19 MP: 2/2
   439 | D:1      | HP: 7/19 [gnoll/+2 spear of venom (3)]
   441 | D:1      | HP: 1/19 [gnoll/+2 spear of venom (4)]
   442 | D:1      | Succumbed to a gnoll's poison

Skill      XL: |  1  2 |
---------------+-------+-----
Slings         | 6 |  6.0
Fighting       | 2 |  2.0
Dodging        | |  2.4
Stealth        | |  1.5

Action                   || total
-------------------------++-------
Melee: Short sword       ||    12
       Dagger            ||     2
 Fire: Hunting sling     ||    13
  Use: Potion            ||     1
Armor: Leather armour    ||     2
Dodge: Dodged            ||    13

Levels and vault maps discovered:
D:1:      sevenhm_arrival_forest_fort_large_2, layout_loops_ring,
          chequers_serial_rivers_small_b
